 Dungeon Crawl Stone Soup version 0.29.0-13-gc9e81de378 (webtiles) character file.

Game seed: 8559361253215411568

697 Bartlander the Shield-Bearer (level 7, 0/60 HPs)
             Began as a Gnoll Fighter on Sept 7, 2022.
             Was an Initiate of Ru.
             Slain by a thrashing horror (4 damage)
             ... on level 1 of the Abyss.
             The game lasted 00:13:47 (4199 turns).

Bartlander the Shield-Bearer (Gnoll Fighter)        Turns: 4199, Time: 00:13:47

Health: 0/60       AC: 18    Str: 18    XL:     7   Next: 65%
Magic:  0/11       EV:  6    Int:  7    God:    Ru [......]
Gold:   242        SH:  7    Dex: 11    Spells: 11/11 levels left

rFire   . . .      SeeInvis .   a - +1 flail (chaos)
rCold   . . .      Faith    .   q - +2 buckler
rNeg    . . .      Spirit   +   k - +0 plate armour
rPois   .          Reflect  .   (no helmet)
rElec   .          Harm     .   (no cloak)
rCorr   .          Rampage  .   (no gloves)
Will    .....                   m - +0 pair of boots
Stlth   ..........              i - amulet of guardian spirit
HPRegen 0.20/turn               g - +4 ring of protection
MPRegen 0.12/turn               (no ring)

@: hasted, very quick
A: fangs 1, strong nose, distributed training
a: Renounce Religion, Sacrifice Love, Sacrifice Artifice, Sacrifice Drink,
Reject Sacrifices


You were on level 1 of the Abyss.
You worshipped Ru.
Ru was noncommittal.
You visited 1 branch of the dungeon, and saw 5 of its levels.
You visited the Abyss 1 time.

You collected 242 gold pieces.

Inventory:

Hand Weapons
 a - a +1 flail of chaos (weapon)
Armour
 b - a +0 scale mail
 c - a +0 buckler
 k - a +0 plate armour (worn)
 m - a +0 pair of boots (worn)
 q - a +2 buckler (worn)
Jewellery
 g - a +4 ring of protection (left hand)
 i - an amulet of guardian spirit (around neck)
 l - a ring of ice
 o - an amulet of the acrobat
Scrolls
 d - a scroll of identify
 p - 2 scrolls of torment
Potions
 f - 2 potions of curing
 j - a potion of attraction {unknown}
 n - a potion of degeneration {unknown}


   Skills:
 + Level 7.1 Fighting
 + Level 2.7 Short Blades
 + Level 2.7 Long Blades
 + Level 2.7 Axes
 + Level 5.4 Maces & Flails
 + Level 2.7 Polearms
 + Level 2.7 Staves
 + Level 2.7 Ranged Weapons
 + Level 2.7 Throwing
 + Level 7.1 Armour
 + Level 2.7 Dodging
 + Level 2.7 Stealth
 + Level 7.1 Shields
 + Level 2.7 Unarmed Combat
 + Level 2.7 Spellcasting
 + Level 2.2 Conjurations
 + Level 2.2 Hexes
 + Level 2.2 Summonings
 + Level 2.2 Necromancy
 + Level 2.2 Translocations
 + Level 2.2 Transmutations
 + Level 2.2 Fire Magic
 + Level 2.2 Ice Magic
 + Level 2.2 Air Magic
 + Level 2.2 Earth Magic
 + Level 2.2 Poison Magic
 + Level 3.0 Invocations
 + Level 2.7 Evocations


You had 11 spell levels left.
You didn't know any spells.
Your spell library contained the following spells:

 Spells                   Type           Power      Damage    Failure   Level
 Shock                    Conj/Air       16%        1d4       99%         1
 Ozocubu's Armour         Ice            4%         N/A       100%        3
 Swiftness                Air            4%         N/A       100%        3
 Airstrike                Air            2%         2d(1-17)  100%        4
 Metabolic Englaciation   Hex/Ice        2%         N/A       100%        5
 Simulacrum               Ice/Necr       2%         N/A       100%        6


Dungeon Overview and Level Annotations

Branches:
Dungeon (5/15)
 Temple: D:4-7

Altars:
Ru
Wu Jian

Shops:
D:1 [   D:3 (

Annotations:
D:2 Sigmund


Innate Abilities, Weirdness & Mutations

You have very sharp teeth.
Your uncanny sense of smell can sniff out nearby items.
Your experience applies equally to all skills.


Message History

You hear a roar!
Something tramples you but does no damage.
Something completely misses you.
You feel yourself slow down.
Something tramples you but does no damage. x2
Something tramples you.
You stumble backwards!
You miss something.
Something tramples you but does no damage.
Something tramples you.
You hold your ground!
Something tramples you but does no damage. x2
Something tramples you.
You hold your ground!
Something tramples you but does no damage.
You miss something.
Something tramples you but does no damage.
Something tramples you.
You stumble backwards!
Something tramples you but does no damage.
Something tramples you!
You hold your ground!
Something tramples you.
You hold your ground!
Something tramples you but does no damage.
Something tramples you!
* * * LOW HITPOINT WARNING * * *
You hold your ground!
Something tramples you.
* * * LOW HITPOINT WARNING * * *
You hold your ground!
You hear a roar!
Something tramples you.
* * * LOW HITPOINT WARNING * * *
You hold your ground!
Something tramples you but does no damage.
You feel much better.
You hear a roar!
A thrashing horror appears from thin air!
Reactivating autopickup.
The thrashing horror tramples you!
* * * LOW HITPOINT WARNING * * *
You hold your ground!
The thrashing horror tramples you.
* * * LOW HITPOINT WARNING * * *
You hold your ground!
You feel yourself speed up. The thrashing horror tramples you.
You die...

# # ## .. #
#.## ### #. .#
x ##.# ..## . #
..# #
..##.#.#..
.#.#.##.
.#.#.....#.# .
. #. #. .# .#..
.#. ###
#.#####.......#
.. # # ##..X#
#..#.. #..
#.#@.## # # ..
#.#.#.# _
#....# .
#...###.# #.#
#..#... ## #..
.#.. ..# ....#.
# .###.#.# ..
##.##


You could see a thrashing horror (strong).

Vanquished Creatures
  A small abomination (Abyss:1)
  An ogre (D:5)
  A phantom (D:4)
  A scorpion (D:4)
  A hound (D:5)
  Natasha (thrice) (D:2)
  An iguana (D:5)
  3 orc wizards
  4 gnolls (D:4)
  5 adders
  A white imp (D:3)
  3 dart slugs
  2 worms
  8 orcs
  5 ball pythons
  2 bats (D:1)
  4 endoplasms
  2 giant cockroaches
  5 goblins
  A hobgoblin (D:1)
  3 quokkas
  4 frilled lizards
  6 kobolds
  11 rats
78 creatures vanquished.

Notes
Turn   | Place    | Note
-------+----------+-------------------------------------------
     0 | D:1      | Bartlander the Gnoll Fighter began the quest for the Orb.
     0 | D:1      | Reached XP level 1. HP: 23/23 MP: 1/1
    61 | D:1      | Found a faded altar of an unknown god.
   195 | D:1      | Reached XP level 2. HP: 29/29 MP: 2/2
   381 | D:1      | Found Masa's Antique Armour Emporium.
   965 | D:2      | Reached XP level 3. HP: 35/35 MP: 3/3
   988 | D:2      | Noticed Sigmund
  1113 | D:2      | Noticed Natasha
  1120 | D:2      | Killed Natasha
  1121 | D:2      | Reached skill level 1 in Short Blades
  1121 | D:2      | Reached skill level 1 in Long Blades
  1121 | D:2      | Reached skill level 1 in Axes
  1121 | D:2      | Reached skill level 1 in Polearms
  1121 | D:2      | Reached skill level 1 in Staves
  1121 | D:2      | Reached skill level 1 in Ranged Weapons
  1121 | D:2      | Reached skill level 1 in Throwing
  1121 | D:2      | Reached skill level 1 in Dodging
  1121 | D:2      | Reached skill level 1 in Stealth
  1121 | D:2      | Reached skill level 1 in Unarmed Combat
  1121 | D:2      | Reached skill level 1 in Spellcasting
  1121 | D:2      | Reached skill level 1 in Invocations
  1121 | D:2      | Reached skill level 1 in Evocations
  1327 | D:2      | Noticed Natasha
  1332 | D:2      | Killed Natasha
  1333 | D:2      | Reached XP level 4. HP: 36/41 MP: 5/5
  1350 | D:2      | Noticed Natasha
  1360 | D:2      | Killed Natasha
  1361 | D:2      | Reached skill level 1 in Conjurations
  1361 | D:2      | Reached skill level 1 in Hexes
  1361 | D:2      | Reached skill level 1 in Summonings
  1361 | D:2      | Reached skill level 1 in Necromancy
  1361 | D:2      | Reached skill level 1 in Translocations
  1361 | D:2      | Reached skill level 1 in Transmutations
  1361 | D:2      | Reached skill level 1 in Fire Magic
  1361 | D:2      | Reached skill level 1 in Ice Magic
  1361 | D:2      | Reached skill level 1 in Air Magic
  1361 | D:2      | Reached skill level 1 in Earth Magic
  1361 | D:2      | Reached skill level 1 in Poison Magic
  1872 | D:3      | Reached XP level 5. HP: 47/47 MP: 5/7
  2351 | D:3      | Found Yroco's Weapon Shoppe.
  2509 | D:3      | Found a sacrificial altar of Ru.
  2512 | D:3      | Found an ornate altar of the Wu Jian Council.
  2580 | D:3      | Became a worshipper of Ru the Awakened
  2754 | D:4      | Noticed a phantom
  2766 | D:4      | Killed a phantom
  2767 | D:4      | Reached skill level 5 in Maces & Flails
  2767 | D:4      | Reached XP level 6. HP: 53/53 MP: 7/9
  3529 | D:5      | Entered Level 5 of the Dungeon
  3610 | D:5      | Reached XP level 7. HP: 56/60 MP: 10/10
  4061 | Abyss:1  | Cast into level 1 of the Abyss (orc wizard)
  4091 | Abyss:1  | Noticed an apocalypse crab
  4099 | Abyss:1  | Noticed a large abomination
  4127 | Abyss:1  | Noticed a thrashing horror
  4138 | Abyss:1  | Found an ornate altar of the Wu Jian Council.
  4138 | Abyss:1  | Found an ornate altar of the Wu Jian Council.
  4138 | Abyss:1  | Noticed a thrashing horror
  4138 | Abyss:1  | Found an ornate altar of the Wu Jian Council.
  4199 | Abyss:1  | Slain by a thrashing horror

Illustrated notes

Levels and vault maps discovered:
D:1:      dpeg_arrival_rooms_c, layout_loops_cross, serial_shops,
          nicolae_shop_advertising_works [nicolae_subvault_shop_adworks],
          ebering_ecumenical_altar_webs
D:2:      layout_rooms, solitary_fountain, uniq_natasha, uniq_sigmund
D:3:      layout_basic, nicolae_overflow_squiral, serial_shops, shop_fountains,
          st_stairs_13
D:4:      layout_cave_pools, serial_bayou_pond_e
D:5:      layout_cave_pools, mainiacjoe_overflow_small_starburst, uniq_menkaure,
          uniq_edmund, uniq_duvessa
Abyss:1:  base:
Temple

Skill      XL: |  1  2  3  4  5  6  7 |
---------------+----------------------+-----
Short Blades   | 1 2 |  2.7
Long Blades    | 1 2 |  2.7
Axes           | 1 2 |  2.7
Polearms       | 1 2 |  2.7
Staves         | 1 2 |  2.7
Ranged Weapons | 1 2 |  2.7
Throwing       | 1 2 |  2.7
Dodging        | 1 2 |  2.7
Stealth        | 1 2 |  2.7
Unarmed Combat | 1 2 |  2.7
Spellcasting   | 1 2 |  2.7
Invocations    | 1 2 3 |  3.0
Evocations     | 1 2 |  2.7
Conjurations   | 1 2 |  2.2
Hexes          | 1 2 |  2.2
Summonings     | 1 2 |  2.2
Necromancy     | 1 2 |  2.2
Translocations | 1 2 |  2.2
Transmutations | 1 2 |  2.2
Fire Magic     | 1 2 |  2.2
Ice Magic      | 1 2 |  2.2
Air Magic      | 1 2 |  2.2
Earth Magic    | 1 2 |  2.2
Poison Magic   | 1 2 |  2.2
Maces & Flails | 5 |  5.4
Fighting       | 7 |  7.1
Armour         | 7 |  7.1
Shields        | 7 |  7.1

Action                   |  1- 3 |  4- 6 |  7- 9 || total
-------------------------+-------+-------+-------++-------
Melee: Flail             |    77 |   164 |    45 ||   286
       Bite              |     7 |    17 |     5 ||    29
  Use: Scroll            |     6 |     4 |       ||    10
       Potion            |       |     1 |     8 ||     9
Armor: Scale mail        |    37 |    18 |       ||    55
       Plate armour      |       |    74 |    71 ||   145
Dodge: Dodged            |    19 |    37 |    14 ||    70
Block: Buckler           |    18 |    42 |    17 ||    77
